[Event "Early-Titled-Tuesday-Blitz-April-16-2024"]
[Site "Chess.com"]
[Date "2024.04.16"]
[Round "4"]
[White "ArmanGhevondyanchess"]
[Black "andong36"]
[Result "0-1"]
[WhiteElo "2602"]
[BlackElo "2481"]
[TimeControl "180+1"]
[EndTime "8:37:09 PDT"]
[Termination "andong36 won by resignation"]

1. b3 e5 2. Bb2 Nc6 3. e3 d5 4.
Bb5 f6 5. d4 exd4 6. Qxd4 Ne7 7.
Nf3 Bd7 8. Bxc6 Bxc6 9. O-O Qd7 10. Nc3 O-O-O 11. Qxa7 b6 12. a4 Bb7 13. Nd4 Nc6 14. Nxc6 Qxc6 15. a5 Bc5 16. a6 Ba8 17. b4 Bxb4 18.
Nb5 Qxb5 19. Qxa8+ Kd7 20. c4 Qxc4 21. Qb7 Rb8 22.
Rfc1 Rxb7 23. Rxc4 dxc4 24. axb7 Rb8 25. Ra4 c5 26. Ra8 Kc7 0-1

[Event "Early-Titled-Tuesday-Blitz-April-16-2024"]
[Site "Chess.com"]
[Date "2024.04.16"]
[Round "4"]
[White "Gabrielian_Artur"]
[Black "flawian2008"]
[Result "1-0"]
[WhiteElo "2783"]
[BlackElo "2561"]
[TimeControl "180+1"]
[EndTime "8:37:13 PDT"]
[Termination "Gabrielian_Artur won by checkmate"]

1. e4 c6 2. d4 d5 3. e5 Bf5 4. h4 h5 5. Bd3 Bxd3 6. Qxd3 Qa5+ 7.
Nd2 Qa6 8. e6 Qxd3 9. exf7+ Kxf7 10. cxd3 e6 11. Ndf3 Be7 12. Nh3 Nh6 13. Ne5+ Ke8 14.
Nf4 Nf5 15. Nxe6 Bd6 16. Bf4 Ke7 17. Ng5 Bb4+ 18. Bd2 Bxd2+ 19. Kxd2 Rc8 20. Rae1 Kf6 21. Nd7+ Kg6 22. Re6# 1-0

[Event "Early-Titled-Tuesday-Blitz-April-16-2024"]
[Site "Chess.com"]
[Date "2024.04.16"]
[Round "4"]
[White "SharapovEvgeny"]
[Black "Bulatova_Kamaliya"]
[Result "1-0"]
[WhiteElo "2661"]
[BlackElo "2469"]
[TimeControl "180+1"]
[EndTime "8:37:15 PDT"]
[Termination "SharapovEvgeny won by resignation"]

1. e4 c5 2. Nf3 d6 3. d4 cxd4 4.
Nxd4 Nf6 5. f3 e5 6. Nb3 Be6 7. c4 Be7 8. Be3 Nbd7 9. Nc3 O-O 10. Be2 Nb6 11. Nd5 Bxd5 12. cxd5 Na4 13. Qd2 a6 14. O-O b5 15. Na5 Qd7 16. Nc6 Bd8 17. b3 Nb6 18. Nxd8 Qxd8 19. Rfc1 Nbd7 20. Rc6 Ne8 21. a4 f5 22.
exf5 Rxf5 23. axb5 axb5 24. Rxa8 Qxa8 25. Bxb5 Qa1+ 26.
Rc1 Qa8 27. Bxd7 Rf8 28. Bxe8 Rxe8 29. b4 e4 30. f4 Rf8 31. b5 Rf5 32. b6 Rxd5 33.
Rc8+ Qxc8 34. Qxd5+ Kh8 35. b7 Qb8 36. Qc6 1-0

[Event "Early-Titled-Tuesday-Blitz-April-16-2024"]
[Site "Chess.com"]
[Date "2024.04.16"]
[Round "4"]
[White "MrVenky"]
[Black "LeninGuerra"]
[Result "1-0"]
[WhiteElo "2528"]
[BlackElo "2770"]
[TimeControl "180+1"]
[EndTime "8:37:19 PDT"]
[Termination "MrVenky won by resignation"]

1. e4 c5 2. Nc3 e6 3. Nge2 Nf6 4.
d3 d5 5. g3 Nc6 6. Bg2 d4 7.
Nb1 e5 8. O-O h5 9. h3 Be6 10.
f4 exf4 11. Nxf4 Bd6 12. Nd2 g5 13. Nxe6 fxe6 14. Nc4 Bxg3 15. Bxg5 Rf8 16. Bxf6 Rxf6 17. Qxh5+ Kd7 18. Rxf6 Qxf6 19. Rf1 Rh8 20. Qxc5 Qg7 21. e5 Bxe5 22. Nxe5+ Nxe5 23. Qxd4+ Kc7 24. Rf7+ Qxf7 25. Qxe5+ 1-0

[Event "Early-Titled-Tuesday-Blitz-April-16-2024"]
[Site "Chess.com"]
[Date "2024.04.16"]
[Round "4"]
[White "Hongjin"]
[Black "atalz0"]
[Result "0-1"]
[WhiteElo "2641"]
[BlackElo "2449"]
[TimeControl "180+1"]
[EndTime "8:37:38 PDT"]
[Termination "atalz0 won on time"]

1. e4 d5 2. exd5 Nf6 3. d4 Nxd5 4. c4 Nb6 5. Nf3 Bg4 6. c5 N6d7 7. Bc4 e6 8. h3 Bxf3 9. Qxf3 Nc6 10. Be3 Qf6 11.
Qd1 O-O-O 12. Qa4 Bxc5 13. dxc5 Qxb2 14. O-O Qxa1 15. Ba6 Ndb8 16. Be2 Qb2 17. Bf3 a6 18. Na3 Qb4 19. Qxb4 Nxb4 20. Rb1 Nd5 21. Bc1 Nc3 0-1

[Event "Early-Titled-Tuesday-Blitz-April-16-2024"]
[Site "Chess.com"]
[Date "2024.04.16"]
[Round "4"]
[White "Vesper2018"]
[Black "Ariadna_Atreides"]
[Result "1-0"]
[WhiteElo "2554"]
[BlackElo "2191"]
[TimeControl "180+1"]
[EndTime "8:37:38 PDT"]
[Termination "Vesper2018 won on time"]

1. e4 c6 2. Nf3 d5 3. exd5 cxd5 4.
Ne5 Nf6 5. d4 Nbd7 6. Bd3 e6 7.
O-O Bd6 8. f4 Qc7 9. c3 a6 10.
Nd2 O-O 11. Qe2 b5 12. g4 Bxe5 13. fxe5 Ne8 14. g5 g6 15. Nf3 Ng7 16. h4 Nh5 17. Kg2 Bb7 18. Nh2 Rae8 19. Ng4 Rb8 20. Bd2 Bc6 21.
Rf2 Rb7 22. Raf1 Nb6 23. Nf6+ Nxf6 24. gxf6 Nc4 25. Bc1 Rc8 26. Qg4 Be8 27. Qg5 Nd6 28. Qh6 Nf5 29. Bxf5 1-0

[Event "Early-Titled-Tuesday-Blitz-April-16-2024"]
[Site "Chess.com"]
[Date "2024.04.16"]
[Round "4"]
[White "RTFrancisco"]
[Black "aanshnerurkar"]
[Result "1/2-1/2"]
[WhiteElo "2631"]
[BlackElo "2401"]
[TimeControl "180+1"]
[EndTime "8:37:39 PDT"]
[Termination "Game drawn by repetition"]

1. e4 c5 2. Nf3 d6 3. d4 cxd4 4.
Nxd4 Nf6 5. Nc3 g6 6. Be3 Bg7 7. f3 O-O 8. Qd2 Nc6 9. O-O-O Nxd4 10. Bxd4 Be6 11. g4 Qa5 12. a3 Rfc8 13. Kb1 Rab8 14.
Bxf6 Bxf6 15. Nd5 Qxd2 16. Nxf6+ Kg7 17. Rxd2 Kxf6 18. h4 Ke5 19. Be2 b5 20. b4 a6 21.
Kb2 Rc7 22. Bd3 Rbc8 23. h5 g5 24. h6 f6 25. Rc1 Bc4 26. c3 Kf4 27. Bxc4 Rxc4 28.
Rd3 Rg8 29. Rh1 a5 30. Rh3 axb4 31. axb4 Ra8 32. Rd5 Rb8 33. Kc2 Rbc8 34. Kd2 e6 35. Rxd6 Rxc3 36. Rxe6 Rc2+ 37. Kd3 R2c3+ 38. Kd4 R3c4+ 39.
Kd3 Rc3+ 40. Kd2 Rc2+ 41. Kd3 R2c3+ 1/2-1/2

[Event "Early-Titled-Tuesday-Blitz-April-16-2024"]
[Site "Chess.com"]
[Date "2024.04.16"]
[Round "4"]
[White "Aminazinas"]
[Black "Gumugama"]
[Result "1-0"]
[WhiteElo "2547"]
[BlackElo "2234"]
[TimeControl "180+1"]
[EndTime "8:37:42 PDT"]
[Termination "Aminazinas won by resignation"]

1. e4 c5 2. Nf3 d6 3. d4 cxd4 4. Nxd4 Nf6 5. Nc3 a6 6. g3 e5 7.
Nf3 Be7 8. Bg2 O-O 9. O-O b5 10. Re1 Bb7 11. a4 b4 12. Nd5 Nxd5 13. exd5 a5 14.
c4 Nd7 15. Nd2 Nc5 16. Ne4 Nxe4 17. Bxe4 f5 18. Bg2 f4 19. Be4 fxg3 20. hxg3 Bg5 21. Qh5 h6 22. Qg6 Qf6 23. Qh7+ Kf7 24. f4 exf4 25.
Bxf4 Rh8 26. Bxg5 hxg5 27. Bg6+ Qxg6 28. Rf1+ Qf6 29. Rxf6+ Kxf6 30. Rf1+ 1-0

[Event "Early-Titled-Tuesday-Blitz-April-16-2024"]
[Site "Chess.com"]
[Date "2024.04.16"]
[Round "4"]
[White "RebelJohnny"]
[Black "MaxLeto"]
[Result "1-0"]
[WhiteElo "2610"]
[BlackElo "2411"]
[TimeControl "180+1"]
[EndTime "8:37:43 PDT"]
[Termination "RebelJohnny won by resignation"]

1. e4 c5 2. Nf3 d6 3. d4 cxd4 4. Nxd4 Nf6 5. Nc3 a6 6. Bg5 Nbd7 7. Qe2 b5 8. f4 h6 9. Bh4 b4 10. Nd5 e6 11. Nc6 exd5 12. Nxd8 Kxd8 13. e5 dxe5 14. fxe5 g5 15. exf6 gxh4 16. O-O-O Bb7 17. Qf2 Bc5 18. Qxh4 Kc7 19. Be2 Kb6 20. Bf3 Be3+ 21. Kb1 d4 22. Rxd4 Bxf3 23. Rxb4+ Kc7 24. gxf3 Bc5 25. Rc4 Rae8 26. b4 1-0

[Event "Early-Titled-Tuesday-Blitz-April-16-2024"]
[Site "Chess.com"]
[Date "2024.04.16"]
[Round "4"]
[White "maurovargas01"]
[Black "amylazy"]
[Result "0-1"]
[WhiteElo "1902"]
[BlackElo "2437"]
[TimeControl "180+1"]
[EndTime "8:37:44 PDT"]
[Termination "amylazy won on time"]

1. e4 c5 2. Nc3 g6 3. f4 Bg7 4. Nf3 d6 5. Bc4 Nc6 6. d3 Nf6 7. a4 O-O 8. O-O Bg4 9. h3 Bxf3 10. Rxf3 Nd4 11. Rf2 a6 12. Nd5 b5 13. axb5 axb5 14.
Rxa8 Qxa8 15. Nxe7+ Kh8 16. Bd5 Qa7 17. Nc6 Nxc6 18.
Bxc6 Qb6 19. Bd5 Nxd5 20. exd5 Bd4 21. c3 Bxf2+ 22. Kxf2 Re8 23. Be3 Qa5 24. Qc2 Qa4 25.
Qxa4 bxa4 26. Ke2 f5 27. Kd2 Rb8 28. Kc2 Kg7 29. c4 Kf7 30. d4 Rb3 31. Bf2 cxd4 32. Bxd4 Rg3 0-1

[Event "Early-Titled-Tuesday-Blitz-April-16-2024"]
[Site "Chess.com"]
[Date "2024.04.16"]
[Round "4"]
[White "LileKoridze"]
[Black "ansko1999"]
[Result "0-1"]
[WhiteElo "2390"]
[BlackElo "2640"]
[TimeControl "180+1"]
[EndTime "8:37:45 PDT"]
[Termination "ansko1999 won by resignation"]

1. d4 d5 2. c4 e6 3. Nf3 c6 4. e3 Bd6 5. Nbd2 f5 6. Bd3 Nf6 7. O-O O-O 8. b3 Bd7 9. Bb2 Be8 10. Ne5 Nbd7 11. f4 Bh5 12. Be2 Bxe2 13. Qxe2 Ne4 14. Ndf3 Nxe5 15. Nxe5 Bxe5 16. fxe5 Qa5 17. Rfd1 b5 18. cxd5 cxd5 19. a3 Rac8 20. Rdc1 a6 21. Qd3 Qd2 22. Qxd2 Nxd2 23. Rab1 Nxb3 24. Rc3 Nd2 25.
Rbc1 Rxc3 26. Rxc3 Nc4 27. Bc1 a5 28. Kf2 Rb8 29.
Ke2 b4 30. Rb3 Rb6 31. Bd2 Nxa3 0-1

[Event "Early-Titled-Tuesday-Blitz-April-16-2024"]
[Site "Chess.com"]
[Date "2024.04.16"]
[Round "4"]
[White "DanyKopy"]
[Black "pirulillo"]
[Result "1-0"]
[WhiteElo "2535"]
[BlackElo "2337"]
[TimeControl "180+1"]
[EndTime "8:37:45 PDT"]
[Termination "DanyKopy won by resignation"]

1. Nf3 Nf6 2. g3 g6 3. Bg2 Bg7 4.
O-O O-O 5. c4 d6 6. Nc3 e5 7. d3 Nc6 8. Rb1 a5 9. a3 h6 10. b4 axb4 11. axb4 Be6 12. b5 Nb8 13. Ne1 Qc8 14. Nc2 Nbd7 15. Nb4 Nc5 16. Ncd5 Nxd5 17. Nxd5 Bxd5 18. Bxd5 Ra2 19. e3 c6 20. Bg2 Qd7 21.
Bb2 Rfa8 22. d4 exd4 23. Bxd4 Bxd4 24. Qxd4 Qc7 25. Rfd1 Rd8 26. Rb2 Rxb2 27. Qxb2 Qa5 28.
bxc6 bxc6 29. Bxc6 Ne6 30. Bd5 Qc5 31. Qf6 Re8 32. Rb1 Qc7 33. Rb7 1-0

[Event "Early-Titled-Tuesday-Blitz-April-16-2024"]
[Site "Chess.com"]
[Date "2024.04.16"]
[Round "4"]
[White "BashiqChess"]
[Black "ProtectiveCarrot"]
[Result "0-1"]
[WhiteElo "2473"]
[BlackElo "2299"]
[TimeControl "180+1"]
[EndTime "8:37:45 PDT"]
[Termination "ProtectiveCarrot won by resignation"]

1. Nf3 d5 2. b3 Nf6 3. Bb2 e6 4. e3 Bd6 5. d4 O-O 6. Bd3 b6 7. O-O Bb7 8. Ne5 Nbd7 9. f4 Ne4 10. Bxe4 dxe4 11. c4 f6 12. Nxd7 Qxd7 13. Nc3 Qe7 14. Qc2 e5 15. fxe5 fxe5 16. Nxe4 exd4 17. Nxd6 Qxe3+ 18. Kh1 cxd6 19. Rae1 Rae8 20. Rd1 Rxf1+ 21. Rxf1 Qe2 22. Qxe2 Rxe2 23. Rb1 Rxg2 0-1

[Event "Early-Titled-Tuesday-Blitz-April-16-2024"]
[Site "Chess.com"]
[Date "2024.04.16"]
[Round "4"]
[White "Firouzja2003"]
[Black "GatoRojo150"]
[Result "1-0"]
[WhiteElo "3046"]
[BlackElo "2610"]
[TimeControl "180+1"]
[EndTime "8:37:49 PDT"]
[Termination "Firouzja2003 won by resignation"]

1. Nf3 d5 2. g3 Nc6 3. d4 Bg4 4. Bg2 Qd7 5. h3 Bxf3 6. Bxf3 Nf6 7. Bg2 e5 8. dxe5 Nxe5 9. O-O Bc5 10. Nd2 c6 11. c3 O-O-O 12. Nb3 Bb6 13. a4 a6 14. a5 Ba7 15. Nd4 Rhe8 16. Bg5 h6 17. Bxf6 gxf6 18. e3 Nc4 19. Qh5 Bxd4 20. cxd4 Rh8 21. Bf3 Kb8 22. Bg4 Qd6 23. Qxf7 Nxe3 24. fxe3 Qxg3+ 25. Kh1 Rdg8 26. Rf3 Qh4 27. Qxf6 Rxg4 28. Qxh8+ Ka7 29. Qf8 1-0

[Event "Early-Titled-Tuesday-Blitz-April-16-2024"]
[Site "Chess.com"]
[Date "2024.04.16"]
[Round "4"]
[White "MokshAD1603"]
[Black "martinmena"]
[Result "1-0"]
[WhiteElo "2616"]
[BlackElo "2166"]
[TimeControl "180+1"]
[EndTime "8:37:54 PDT"]
[Termination "MokshAD1603 won by resignation"]

1. e4 c6 2. Nf3 d5 3. Nc3 Bg4 4. h3 Bxf3 5. Qxf3 e6 6. Be2 Nf6 7.
O-O dxe4 8. Nxe4 Nxe4 9. Qxe4 Qd5 10. Qg4 Nd7 11. c4 Qa5 12. d4 Nf6 13. Qg3 O-O-O 14.
Rd1 Ne4 15. Qe3 Nxf2 16. Qxf2 Rxd4 17. Rxd4 Bc5 18. Be3 Bxd4 19. Bxd4 e5 20. Bc3 Qb6 21. Qxb6 axb6 22. Bxe5 f6 23. Bc3 Re8 24. Bf3 Re3 25. Rd1 Rd3 26. Rxd3 1-0

[Event "Early-Titled-Tuesday-Blitz-April-16-2024"]
[Site "Chess.com"]
[Date "2024.04.16"]
[Round "4"]
[White "FuenfgegenWilly"]
[Black "pfalcon1949"]
[Result "1-0"]
[WhiteElo "2440"]
[BlackElo "1918"]
[TimeControl "180+1"]
[EndTime "8:37:59 PDT"]
[Termination "FuenfgegenWilly won on time"]

1. d4 Nf6 2. c4 c5 3. d5 b5 4. Qc2 Qa5+ 5. Bd2 b4 6. e4 d6 7.
Bd3 g6 8. b3 Bg7 9. Bc1 Nbd7 10. Bb2 O-O 11. Nd2 Qc7 12. Ngf3 e5 13. dxe6 fxe6 14. e5 Nxe5 15. Nxe5 dxe5 16. Ne4 Bb7 17. O-O-O a5 18. h4 Nh5 19. Ng5 Qe7 20. Nxh7 Bh6+ 21.
Kb1 Qxh7 22. Bxg6 Qg7 23. Bxh5 Rf4 24. f3 a4 25. Rd6 axb3 26. axb3 1-0

[Event "Early-Titled-Tuesday-Blitz-April-16-2024"]
[Site "Chess.com"]
[Date "2024.04.16"]
[Round "4"]
[White "Fernando_Offermann"]
[Black "manitodeplomo"]
[Result "1/2-1/2"]
[WhiteElo "2446"]
[BlackElo "2639"]
[TimeControl "180+1"]
[EndTime "8:38:03 PDT"]
[Termination "Game drawn by repetition"]

1. Nf3 g6 2. g3 Bg7 3. Bg2 e5 4. O-O Ne7 5. c4 O-O 6. Nc3 c6 7. d4 d6 8. e4 Bg4 9. Be3 Nd7 10. h3 Bxf3 11. Bxf3 c5 12. dxc5 Nxc5 13. Qc2 Nc6 14. Bg2 Nd4 15. Qd1 Qb6 16. b3 Nce6 17. Nd5 Qd8 18. Rc1 Nc7 19. Nc3 Nce6 20. f4 f6 21.
f5 Nc5 22. g4 Nc6 23. Nd5 a5 24. a3 a4 25. b4 Nb3 26. Rb1 Ncd4 27. Qd3 Rc8 28.
Kh2 Kh8 29. Nc3 Ra8 30. Nb5 Nxb5 31. cxb5 Rc8 32. Rfd1 Qe8 33. Bf1 Rf7 34. Qxd6 Rc2+ 35. Kg3 Nd4 36. Bxd4 Rd7 37. Qe6 Re7 38. Qd5 Rd7 39.
Qe6 Re7 40. Qd5 Rd7 41. Qe6 1/2-1/2

[Event "Early-Titled-Tuesday-Blitz-April-16-2024"]
[Site "Chess.com"]
[Date "2024.04.16"]
[Round "4"]
[White "KnightDuta"]
[Black "ajeale2"]
[Result "1-0"]
[WhiteElo "2731"]
[BlackElo "2425"]
[TimeControl "180+1"]
[EndTime "8:38:08 PDT"]
[Termination "KnightDuta won on time"]

1. d4 d5 2. Bf4 Nf6 3. e3 c5 4.
Nd2 Nc6 5. Ngf3 e6 6. c3 Bd6 7.
Bg3 O-O 8. Bd3 b6 9. e4 Be7 10. e5 Nh5 11. Ng5 Bxg5 12. Qxh5 g6 13. Qe2 cxd4 14. h4 Bh6 15. h5 Kg7 16. f4 dxc3 17. bxc3 f5 18. hxg6 hxg6 19. Bh4 Qe8 20. Bf6+ Kh7 21.
Nf3 Rxf6 22. exf6 Kg8 23. Rh3 Kf7 24. Rxh6 1-0

[Event "Early-Titled-Tuesday-Blitz-April-16-2024"]
[Site "Chess.com"]
[Date "2024.04.16"]
[Round "4"]
[White "LeoLV10"]
[Black "teresin05"]
[Result "1-0"]
[WhiteElo "2512"]
[BlackElo "2317"]
[TimeControl "180+1"]
[EndTime "8:38:10 PDT"]
[Termination "LeoLV10 won by resignation"]

1. e4 c5 2. Nf3 Nc6 3. Bb5 e6 4. O-O Nge7 5. c3 a6 6. Ba4 b5 7. Bc2 d5 8. exd5 Nxd5 9. Re1 Be7 10. a3 O-O 11. d4 cxd4 12. cxd4 Bf6 13. Nc3 Bb7 14. Ne4 Rc8 15. Qd3 g6 16. Nxf6+ Qxf6 17. Bg5 Qg7 18. Qd2 Rfd8 19. Bxd8 Rxd8 20. Rad1 Nce7 21. Be4 Nf5 22. h3 Nd6 23. Bd3 Nb6 24. Ne5 Qf6 25. Ng4 Qxd4 26. Qg5 Ndc4 27. Bxg6 Qxd1 28.
Bd3+ Kf8 29. Qxd8+ 1-0

[Event "Early-Titled-Tuesday-Blitz-April-16-2024"]
[Site "Chess.com"]
[Date "2024.04.16"]
[Round "4"]
[White "GlavkonVVS"]
[Black "LuisFSiles"]
[Result "1-0"]
[WhiteElo "2587"]
[BlackElo "2370"]
[TimeControl "180+1"]
[EndTime "8:38:11 PDT"]
[Termination "GlavkonVVS won by resignation"]

1. c4 Nf6 2. Nc3 d5 3. cxd5 Nxd5 4. Qb3 Nxc3 5. bxc3 g6 6. Ba3 Bg7 7. d4 O-O 8. Rd1 c6 9. e4 Qb6 10. Qc2 Na6 11. Nf3 Be6 12. Ng5 Bg4 13. f3 Qa5 14. Bxe7 Rfe8 15. fxg4 Rxe7 16. Nf3 Rae8 17. Bd3 c5 18.
O-O c4 19. Bxc4 Rxe4 20. Bxf7+ Kxf7 21. Ng5+ Kg8 22. Nxe4 1-0

[Event "Early-Titled-Tuesday-Blitz-April-16-2024"]
[Site "Chess.com"]
[Date "2024.04.16"]
[Round "4"]
[White "maracayo"]
[Black "aljado"]
[Result "1-0"]
[WhiteElo "2366"]
[BlackElo "2141"]
[TimeControl "180+1"]
[EndTime "8:38:11 PDT"]
[Termination "maracayo won by resignation"]

1. e4 c5 2. Nf3 e6 3. b3 Nc6 4.
Bb5 Nf6 5. Qe2 Be7 6. Bxc6 bxc6 7. Bb2 d5 8. d3 d4 9. Nbd2 O-O 10. h3 Qc7 11.
Nc4 a5 12. a4 Ba6 13. O-O Bxc4 14. dxc4 Nh5 15. g3 e5 16. Ne1 Nf6 17. Nd3 Nd7 18.
f4 f6 19. Bc1 Rf7 20. Bd2 Raf8 21. f5 Ra8 22. g4 Nf8 23. Rf3 Nd7 24. Raf1 Rff8 25.
R1f2 Qd8 26. Rg2 Qc7 27. h4 Qd8 28. g5 Qe8 29. Rfg3 Rf7 30. g6 hxg6 31. fxg6 f5 32. gxf7+ 1-0

[Event "Early-Titled-Tuesday-Blitz-April-16-2024"]
[Site "Chess.com"]
[Date "2024.04.16"]
[Round "4"]
[White "SkinnyPuppy8"]
[Black "Boorchess"]
[Result "0-1"]
[WhiteElo "2206"]
[BlackElo "2503"]
[TimeControl "180+1"]
[EndTime "8:38:13 PDT"]
[Termination "Boorchess won by resignation"]

1. e4 e5 2. Nc3 Nf6 3. Bc4 Nxe4 4.
Qh5 Nd6 5. Qxe5+ Qe7 6. Qxe7+ Bxe7 7. Bb3 Nf5 8. Nge2 c6 9. d4 d5 10. Nd1 O-O 11. Ne3 Re8 12. c3 Nxe3 13. Bxe3 Bf5 14. Ng3 Bg6 15. Kd2 Nd7 16. h4 Nf6 17. h5 Ne4+ 18. Nxe4 Bxe4 19. f3 Bf5 20. g4 Bd7 21. Bf4 h6 22. Rae1 Bg5 23. Bxg5 hxg5 24. Bc2 Rxe1 25.
Rxe1 Re8 26. Rxe8+ Bxe8 27. Bf5 Kf8 28. Ke3 Ke7 29. f4 f6 30. Bc8 b6 31. f5 Kd6 32.
Be6 c5 33. a3 a5 34. b4 Ba4 35.
Kd2 Bb3 36. Bc8 Bc4 37. Ke3 cxb4 38. cxb4 axb4 39. axb4 Kc6 40. Kd2 Bf1 41. Be6 Bh3 42. b5+ Kd6 43. Ke3 Bxg4 44. Bf7 Bxf5 0-1

[Event "Early-Titled-Tuesday-Blitz-April-16-2024"]
[Site "Chess.com"]
[Date "2024.04.16"]
[Round "4"]
[White "2Coaches1Profile"]
[Black "Lily_Schirmbeck"]
[Result "1-0"]
[WhiteElo "2540"]
[BlackElo "1482"]
[TimeControl "180+1"]
[EndTime "8:38:17 PDT"]
[Termination "2Coaches1Profile won by resignation"]

1. d4 d5 2. Nf3 Nf6 3. Nbd2 g6 4. e3 Bg7 5. Be2 O-O 6. b4 c6 7. c4 Bf5 8. O-O Qb6 9. a3 Nbd7 10. Bb2 a5 11. c5 Qc7 12. b5 Ne4 13. b6 Qb8 14.
a4 e5 15. Nb3 exd4 16. Bxd4 Bxd4 17. Qxd4 Qe8 18. Rfc1 Qe7 19. h3 Ndf6 20. Ne1 Bd7 21. Nd3 Rfe8 22. Re1 Be6 23. Kh2 Nd7 24. f3 Nef6 25. Nf4 Rad8 26. Bd3 Nb8 27. Nxa5 Na6 28. Bxa6 bxa6 29. Nxc6 Qd7 30. Nxd8 Rxd8 31. Qxf6 1-0

[Event "Early-Titled-Tuesday-Blitz-April-16-2024"]
[Site "Chess.com"]
[Date "2024.04.16"]
[Round "4"]
[White "Mazarini41"]
[Black "vangulio"]
[Result "0-1"]
[WhiteElo "2354"]
[BlackElo "2569"]
[TimeControl "180+1"]
[EndTime "8:38:18 PDT"]
[Termination "vangulio won by resignation"]

1. e4 c5 2. Nf3 d6 3. d4 cxd4 4.
Nxd4 Nf6 5. Nc3 g6 6. Be3 Bg7 7. f3 O-O 8. Qd2 Nc6 9. O-O-O d5 10. exd5 Nxd5 11. Nxd5 Qxd5 12. Nxc6 Qxc6 13. Bh6 Bf5 14.
Bxg7 Kxg7 15. g4 Be6 16. Kb1 Rfd8 17. Qe2 Bxg4 18. Bg2 Bf5 19. h4 h5 20. f4 Qc7 21.
Qf2 Rac8 22. Rxd8 Qxd8 23. Rc1 Rxc2 24. Qxc2 Bxc2+ 25. Rxc2 Qd1+ 26. Rc1 Qd3+ 27. Ka1 Qd2 28. Rb1 Qxg2 0-1

[Event "Early-Titled-Tuesday-Blitz-April-16-2024"]
[Site "Chess.com"]
[Date "2024.04.16"]
[Round "4"]
[White "PLAYER_2006_M"]
[Black "AlexKhripachenko"]
[Result "0-1"]
[WhiteElo "2973"]
[BlackElo "2831"]
[TimeControl "180+1"]
[EndTime "8:38:19 PDT"]
[Termination "AlexKhripachenko won by resignation"]

1. e4 c5 2. Nf3 e6 3. c3 d5 4. exd5 exd5 5. d4 Nc6 6. Bb5 Bd6 7.
O-O Ne7 8. dxc5 Bxc5 9. Nbd2 O-O 10. Nb3 Bb6 11. Re1 Nf5 12. a4 a6 13. Bd3 h6 14.
h3 Qf6 15. Bxf5 Bxf5 16. Be3 Bc7 17. Bd4 Nxd4 18. Qxd4 Qd6 19. Rad1 Bc2 20. Nbd2 Bxd1 21. Rxd1 Rad8 22. Qd3 Rfe8 23. b4 Qf6 24. g3 Bb6 25.
Kg2 Qe6 26. Nb3 Qe2 27. a5 Qxf2+ 28. Kh1 Re3 29. Qf1 Rxf3 30. Qxf2 Bxf2 31. Kg2 Rxc3 32. Kxf2 Rxb3 0-1

[Event "Early-Titled-Tuesday-Blitz-April-16-2024"]
[Site "Chess.com"]
[Date "2024.04.16"]
[Round "4"]
[White "ferdipy"]
[Black "SilverSwords13"]
[Result "1-0"]
[WhiteElo "2285"]
[BlackElo "2472"]
[TimeControl "180+1"]
[EndTime "8:38:19 PDT"]
[Termination "ferdipy won by resignation"]

1. e4 d5 2. exd5 Nf6 3. d4 Bg4 4. Nf3 Qxd5 5. Be2 e6 6. O-O Nc6 7. c4 Qd7 8. Nc3 Rd8 9. Be3 Be7 10. Nd2 Bxe2 11. Qxe2 Nxd4 12. Bxd4 Qxd4 13. Rad1 Qd3 14.
Qe5 Bd6 15. Qb5+ Nd7 16. Nde4 a6 17. Qxb7 Qxc4 18. Rxd6 O-O 19. Rdd1 Ne5 20. Rxd8 Rxd8 21. Qb3 Qc6 22. h3 h6 23. Rd1 Re8 24. Qa4 Qa8 25. Qa5 Nc4 26. Qxc7 Nxb2 27. Rd7 Rf8 28. Nd6 Nd3 29. Nxf7 Ne1 30. Nxh6+ Kh8 31. Rxg7 Rf7 32. Qxf7 1-0

[Event "Early-Titled-Tuesday-Blitz-April-16-2024"]
[Site "Chess.com"]
[Date "2024.04.16"]
[Round "4"]
[White "DanylaBagrov"]
[Black "JaackCamel"]
[Result "1-0"]
[WhiteElo "2474"]
[BlackElo "2226"]
[TimeControl "180+1"]
[EndTime "8:38:20 PDT"]
[Termination "DanylaBagrov won by resignation"]

1. d4 d5 2. c4 e6 3. cxd5 exd5 4. Bf4 c6 5. e3 Bf5 6. Nc3 Nf6 7.
Nge2 Be7 8. Ng3 Bg6 9. h4 h6 10.
h5 Bh7 11. Bd3 Bxd3 12. Qxd3 O-O 13. Nf5 Nbd7 14. g4 Ne4 15. Nxe4 dxe4 16. Qxe4 Re8 17. Qc2 Bb4+ 18. Kf1 Nf6 19. g5 Ne4 20. gxh6 Qd5 21.
Nxg7 Ng3+ 22. Bxg3 Qxh1+ 23. Ke2 Qxa1 24. Nf5 Qe1+ 25. Kf3 Qh1+ 26. Ke2 Qxh5+ 27. Kf1 Qh1+ 28. Ke2 Rad8 29. Qb3 Qe1+ 30. Kf3 a5 31. h7+ Kxh7 32.
Qxf7+ 1-0

[Event "Early-Titled-Tuesday-Blitz-April-16-2024"]
[Site "Chess.com"]
[Date "2024.04.16"]
[Round "4"]
[White "yonaltimur"]
[Black "Ginger_GM"]
[Result "0-1"]
[WhiteElo "2440"]
[BlackElo "2657"]
[TimeControl "180+1"]
[EndTime "8:38:21 PDT"]
[Termination "Ginger_GM won by resignation"]

1. e4 d6 2. d4 Nf6 3. Nc3 Nbd7 4. Nf3 e5 5. dxe5 dxe5 6. Bc4 Bb4 7. O-O c6 8. a3 Bxc3 9. bxc3 O-O 10. Qe2 Qa5 11. Rb1 Nb6 12. Bd3 Bg4 13. c4 Qc5 14. Bd2 Qe7 15.
h3 Bxf3 16. Qxf3 Nfd7 17. Bb4 Nc5 18. Qe3 Nbd7 19. Rfd1 a5 20. Bc3 Rfd8 21. Be2 Nf8 22. Kf1 Rxd1+ 23. Rxd1 Na4 24. Ba1 Nd7 25. f3 Ndc5 26.
Qd2 f6 27. Kf2 Kf7 28. Kf1 g5 29. Kf2 h5 30. f4 Nxe4+ 0-1

[Event "Early-Titled-Tuesday-Blitz-April-16-2024"]
[Site "Chess.com"]
[Date "2024.04.16"]
[Round "4"]
[White "AlexeiShirov"]
[Black "Bilan_Danila"]
[Result "1-0"]
[WhiteElo "2826"]
[BlackElo "2527"]
[TimeControl "180+1"]
[EndTime "8:38:21 PDT"]
[Termination "AlexeiShirov won by checkmate"]

1. e4 c6 2. d4 d5 3. e5 c5 4. dxc5 e6 5. a3 Bxc5 6. b4 Bb6 7. Nf3 a5 8. Bb2 axb4 9. axb4 Rxa1 10. Bxa1 Ne7 11.
Nbd2 Nbc6 12. b5 Na7 13. Bd3 Bd7 14. Qe2 Ng6 15. g3 Nc8 16. h4 Nge7 17. h5 h6 18. Rh4 Nf5 19. Rf4 Bc7 20. c4 dxc4 21. Nxc4 O-O 22.
g4 Nh4 23. Nxh4 Qxh4 24. Qe4 f5 25. exf6 Bxf4 26. Qh7+ Kf7 27. Bg6# 1-0

[Event "Early-Titled-Tuesday-Blitz-April-16-2024"]
[Site "Chess.com"]
[Date "2024.04.16"]
[Round "4"]
[White "NowInChess"]
[Black "axelfalke"]
[Result "1-0"]
[WhiteElo "2230"]
[BlackElo "2489"]
[TimeControl "180+1"]
[EndTime "8:38:23 PDT"]
[Termination "NowInChess won by resignation"]

1. e4 c5 2. d3 g6 3. g3 Bg7 4.
Bg2 Nc6 5. f4 d6 6. Nf3 e6 7.
O-O Nge7 8. c3 O-O 9. Be3 Rb8 10. d4 cxd4 11. cxd4 d5 12. e5 Nf5 13. Bf2 h5 14.
Nc3 b5 15. Rc1 Ba6 16. Nxd5 Qxd5 17. Ng5 Qxa2 18. Bxc6 Bb7 19. Bxb7 Rxb7 20. Qc2 Qd5 21. Rfd1 h4 22. Qc6 hxg3 23. hxg3 Rd7 24. Rc5 Qb3 25. Rd2 Rd5 26. Rxd5 exd5 27. e6 f6 28. e7 Nxe7 29. Qe6+ Kh8 30. Nf7+ Rxf7 31. Qxf7 Qb4 32. Be1 f5 33. Rh2+ 1-0

[Event "Early-Titled-Tuesday-Blitz-April-16-2024"]
[Site "Chess.com"]
[Date "2024.04.16"]
[Round "4"]
[White "KINGOF2SOAP"]
[Black "PonyQueen07"]
[Result "0-1"]
[WhiteElo "2461"]
[BlackElo "2196"]
[TimeControl "180+1"]
[EndTime "8:38:23 PDT"]
[Termination "PonyQueen07 won by resignation"]

1. e4 c5 2. b3 Nc6 3. Bb2 Nf6 4.
e5 Nd5 5. Nf3 d6 6. Nc3 Nxc3 7.
Bxc3 d5 8. Bb5 Bg4 9. Bxc6+ bxc6 10. O-O e6 11. h3 Bh5 12. Bb2 Be7 13. d4 cxd4 14. Bxd4 c5 15. Bb2 d4 16. Qe2 O-O 17. g4 Bg6 18. Nh2 d3 19. Qe3 dxc2 20. f4 Bd3 21. Rf2 Rc8 22. f5 c4 23. Bd4 Bg5 24.
Qg3 Qxd4 25. Nf3 Qxa1+ 26. Kg2 Be3 27. Rf1 Qxf1+ 0-1